 Dungeon Crawl Stone Soup version 0.32-a0-12-g7fc57aa741 (webtiles) character file.

Game seed: 7691094169396642228

155744 Morbidden the Brawler (level 17, 0/140 HPs)
             Began as a Grey Draconian Shapeshifter on Jan 13, 2024.
             Was a High Priest of Cheibriados.
             Engulfed by a cloud of spectral mist (12 damage)
             ... on level 4 of the Swamp on Jan 14, 2024.
             The game lasted 01:17:53 (29706 turns).

Morbidden the Brawler (DrSh)                       Turns: 29706, Time: 01:17:54

Health: 0/140      AC: 16    Str: 31    XL:     17   Next: 9%
Magic:  25/38      EV: 39    Int: 34    God:    Cheibriados [*****.]
Gold:   2960       SH:  0    Dex: 33    Spells: 5/33 levels left

rFire   . .          .
                       - Unarmed
rCold   x . .        (no shield)
rNeg    . . .        (body armour unavailable)
rPois   +            (helmet restricted)
rElec   .            G - +0 cloak
rCorr   .            t - +0 pair of gloves
SInv    .            (no boots)
Will    +....        p - amulet of the acrobat
Stlth   ++++         W - ring "Ylawn" {rPois Int+4}
HPRegen 0.43/turn    V - ring "Apsoigh" {+Blink rC- MP+9 Dex+6 Slay+5}
MPRegen 0.26/turn

%: acrobat
@: maw-form, acrobatic, studying Throwing, very slow
A: devouring maw, AC +14, amphibious, unfitting armour, cold-blooded
a: Begin Untransformation, Renounce Religion, Evoke Blink, Bend Time, Temporal
Distortion, Slouch, Step From Time


You were on level 4 of the Swamp.
You worshipped Cheibriados.
Cheibriados was extremely pleased with you.
You were a creature with a mouth for a stomach.
You visited 6 branches of the dungeon, and saw 28 of its levels.
You also visited: Gauntlet.

You collected 3104 gold pieces.
You spent 144 gold pieces at shops.

Inventory:

Missiles
 e - a curare-tipped dart
 g - 17 javelins (quivered)
 h - 5 throwing nets
 A - 15 boomerangs
 Z - 6 silver javelins
Armour
 t - a +0 pair of gloves (worn)
 G - a +0 cloak (worn)
 H - a +2 kite shield of reflection
Magical Staves
 m - the staff of Revolt {rF++ rC+ rCorr Str-2 Ice Air}
   (You found it in a Gauntlet)

   [staff of cold]

   Base accuracy: +5 Base damage: 5 Base attack delay: 1.2 This weapon's minimum
   attack delay (0.6) is reached at skill level 12.
   Str-2:     It affects your strength (-2).
   rF++:      It greatly protects you from fire.
   rC+:       It protects you from cold.
   rCorr:     It protects you from acid and corrosion.
   Ice:       It increases the power of your Ice spells.
   Air:       It increases the power of your Air spells.
   It falls into the 'Staves' category.
   It is a one-handed weapon.
Jewellery
 i - a ring of ice
 o - a +4 ring of protection
 p - an amulet of the acrobat (around neck)
 v - a ring of protection from cold
 y - a ring of fire
 B - a ring of fire
 K - a ring of see invisible
 L - a ring of magical power
 P - a +5 ring of evasion
 Q - a ring of magical power
 R - a ring of resist corrosion
 V - the ring "Apsoigh" (right hand) {+Blink rC- MP+9 Dex+6 Slay+5}
   (You found it in a Gauntlet)

   [ring of dexterity]

   Dex+6:     It affects your dexterity (+6).
   Slay+5:    It affects your accuracy & damage with ranged weapons and melee
   (+5).
   rC-:       It makes you vulnerable to cold.
   MP+9:      It affects your magic capacity (+9).
   +Blink:    It lets you blink.
 W - the ring "Ylawn" (left hand) {rPois Int+4}
   (You found it in a Gauntlet)

   [ring of poison resistance]

   Int+4:     It affects your intelligence (+4).
   rPois:     It protects you from poison
 Y - a ring of protection from cold
Talismans
 b - a beast talisman
 c - a flux talisman
 q - a maw talisman (active)
 U - the blade talisman of Weightlessness {Dex+4}
   (You found it on level 1 of the Swamp)

   [blade talisman]

   Dex+4:     It affects your dexterity (+4).
Wands
 z - a wand of light (18)
 D - a wand of digging (22)
 F - a wand of flame (62)
 J - a wand of iceblast (40)
 T - a wand of mindburst (22)
Scrolls
 a - 2 scrolls of fear
 d - 8 scrolls of immolation
 k - 5 scrolls of enchant weapon
 n - 10 scrolls of teleportation
 s - 5 scrolls of poison
 u - 6 scrolls of enchant armour
 x - 5 scrolls of revelation
 I - a scroll of identify
Potions
 f - 4 potions of brilliance
 j - 7 potions of lignification
 l - a potion of magic
 r - 2 potions of haste
 w - 2 potions of berserk rage
 C - 3 potions of enlightenment {unknown}
 E - a potion of invisibility
 M - 10 potions of curing
 N - a potion of might
 O - 4 potions of heal wounds
 S - a potion of cancellation
Miscellaneous
 X - a phantom mirror


   Skills:
 * Level 10.2 Fighting
 + Level 0.8 Throwing
 * Level 10.1 Dodging
 + Level 4.4 Stealth
 * Level 16.5 Unarmed Combat
 * Level 8.9 Spellcasting
 * Level 6.5 Conjurations
 * Level 9.0 Summonings
 + Level 1.2 Necromancy
 * Level 2.8 Translocations
 * Level 7.8 Fire Magic
 * Level 3.9 Air Magic
 * Level 7.0 Earth Magic
 * Level 9.4 Invocations
 + Level 3.5 Evocations
 * Level 10.3 Shapeshifting


You had 5 spell levels left.
You knew the following spells:

 Your Spells              Type           Power      Damage    Failure   Level
a - Call Canine Familiar  Summ           67%        N/A       1%          3
b - Stone Arrow           Conj/Erth      100%       3d13      1%          3
c - Orb of Destruction    Conj           28%        9d9       86%         7
d - Summon Small Mammal   Summ           100%       N/A       1%          1
f - Plasma Beam           Fire/Air       26%        2x1d39    38%         6
x - Iskenderun's Mystic   Conj/Tloc      47%        2d10      4%          4
z - Summon Blazeheart Go  Fire/Summ      64%        N/A       1%          4

Your spell library contained the following spells:

 Spells                   Type           Power      Damage    Failure   Level
 Sandblast                Erth           100%       2d20      1%          1
 Call Imp                 Summ           100%       N/A       1%          2
 Passwall                 Erth           58%        N/A       1%          3
 Volatile Blastmotes      Fire/Tloc      100%       2d18      1%          3
 Brom's Barrelling Bould  Conj/Erth      57%        2d7       1%          4
 Sublimation of Blood     Necr           23%        N/A       2%          2
 Teleport Other           Tloc           34%        N/A       2%          3
 Slow                     Hex            60%        N/A       3%          1
 Lee's Rapid Deconstruct  Erth           29%        3d15*     4%          5
 Fugue of the Fallen      Necr           23%        N/A       5%          3
 Vampiric Draining        Necr           23%        2d7       5%          3
 Ignite Poison            Fire/Alch      41%        N/A       6%          4
 Sticky Flame             Fire/Alch      41%        2d8       6%          4
 Fulminant Prism          Conj/Alch      18%        3d10      8%          4
 Vhi's Electric Charge    Tloc/Air       76%        N/A       8%          4
 Confusing Touch          Hex            15%        N/A       9%          3
 Ozocubu's Armour         Ice            15%        N/A       9%          3
 Sigil of Binding         Hex            15%        N/A       9%          3
 Manifold Assault         Tloc           34%        N/A       9%          4
 Arcjolt                  Conj/Air       25%        1d35      10%         5
 Dimensional Bullseye     Hex/Tloc       12%        N/A       16%         4
 Metabolic Englaciation   Hex/Ice        7%         N/A       63%         5
 Summon Hydra             Summ           33%        N/A       52%         7
 Spellforged Servitor     Conj/Summ      31%        N/A       71%         7
 Dispersal                Tloc           17%        N/A       80%         6
 Death Channel            Necr           11%        N/A       95%         6
 Haunt                    Necr/Summ      25%        N/A       97%         7
 Sculpt Simulacrum        Ice/Alch       7%         N/A       99%         6
 Ignition                 Fire           31%        3d10      100%        8
 Animate Armour           Summ/Erth      Unusable   N/A       N/A         4

Dungeon Overview and Level Annotations

Branches:
Dungeon (15/15)            Temple (1/1) D:6            Lair (5/5) D:11
  Swamp (4/4) Lair:2       Spider (1/4) Lair:2        Slime (0/5) Lair:5
    Orc (2/2) D:9             Elf (0/3) Orc:2        Vaults (0/5) D:14
 Depths (0/4) D:15        Gauntlet (visited)

Altars:
Ashenzari
Cheibriados
Dithmenos
Elyvilon
Fedhas
Gozag
Hepliaklqana
Kikubaaqudgha
Makhleb
Nemelex Xobeh
Okawaru
Qazlal
Ru
Sif Muna
Trog
Uskayaw
Vehumet
Wu Jian
Xom
Yredelemnul
Zin
The Shining One

Shops:
D:2 (   D:11 (   Orc:2 !*[[

Portals:
Trove: D:14 (show slimy rune of Zot)

Annotations:
Lair:4 3 runed translucent doors, Rankomyk's ghost, journeyman VSEn
Swamp:4 2 runed translucent doors, Bai Suzhen; Cahekav's ghost, journeyman DrIE; Roxanne


Innate Abilities, Weirdness & Mutations

You are a creature with a mouth for a stomach.
Your midsection houses a second, enormous mouth.
Your dull iron-grey scales are very hard. (AC +14)
You are amphibious.
You cannot fit into any form of body armour.
You are cold-blooded and may be slowed by cold attacks.


Message History

Unknown command.
Unknown command.
Unknown command.
You step out of the flow of time.
You return to the normal time flow.
Cheibriados lowers the support of your attributes as your movement quickens.
Unknown command.
Unknown command.
Unknown command.
Unknown command.
Unknown command.
Unknown command.
The ghost crab completely misses you. x2
The ghost crab breathes spectral mist at you.
The spectral mist engulfs you.
Unknown command.
Unknown command.
You pummel the ghost crab!!
The ghost crab is moderately damaged.
You are engulfed in spectral mist.
* * * LOW HITPOINT WARNING * * *
Unknown command.
Unknown command.
You punch the ghost crab! You punch the ghost crab!!
Your bite misses the ghost crab.
The ghost crab is almost destroyed.
You are engulfed in spectral mist.
The ghost crab completely misses you. The ghost crab barely misses you.
Unknown command.
Unknown command.
You pummel the ghost crab!!
You devour the ghost crab!
You feel better.
You destroy the ghost crab!
Cheibriados appreciates the change of pace.
The spectral fenstrider witch fades away!
The spectral death drake fades away!
You are engulfed in spectral mist.
* * * LOW HITPOINT WARNING * * *
Your Earth Magic skill increases to level 7!
Unknown command.
Unknown command.
You are engulfed in spectral mist.
You die...

#### ##.≈##
##≈≈≈≈##
###..≈≈§≈##
#..~~..§§○##
##..~~#.§W☼○###
##...###..#○○○≈#
#(...###..###†≈#
♣ ##...###~..#
~..# ♣♣
#)..###☼.○##
~.## ≈♣
##...##☼.☼## (.#
♣♣ #...###.°##
... ♣ ##.~##○.☼#
...# ♣ ####°.○##
..##


There were no monsters in sight!

Vanquished Creatures
  Rupert (Orc:2)
  Kirke (D:15)
  A thorn hunter (Swamp:4)
  Donald (Swamp:4)
  A fenstrider witch (Swamp:2)
  6 eleionomae
  2 dire elephants
  A minotaur (Gauntlet)
  6 bunyips
  Azrael (D:15)
  Snorg (Lair:4)
  A shambling mangrove (Swamp:3)
  3 vault guards (D:14)
  Erolcha (D:14)
  11 hydras
  4 ogre magi (Orc:2)
  An ice dragon (Lair:5)
  6 alligators
  3 ghost crabs
  11 two-headed ogres
  4 boulder beetles
  5 centaur warriors
  2 tengu warriors
  A vampire mage (D:15)
  6 death yaks
  A storm dragon zombie (D:15)
  Urug (Lair:4)
  A hell hog (Lair:5)
  A skyshark (Lair:5)
  2 skeletal warriors (D:15)
  A death drake (Swamp:4)
  A goliath frog (Swamp:4)
  A sixfirhy (Gauntlet)
  A spark wasp zombie (D:15)
  7 swamp dragons
  2 deep elf archers (D:14)
  3 spectral hydras (Swamp:4)
  A storm dragon skeleton (D:15)
  4 spriggan druids
  5 bog bodies
  3 lindwurms
  An arcanist (D:14)
  4 orc knights
  A deep elf zephyrmancer (D:15)
  3 alligator zombies (Swamp:4)
  A necromancer (D:15)
  2 wolf spiders (Lair:4)
  10 ugly things
  3 will-o-the-wisps
  5 elephants
  3 manticores
  A cyclops (D:15)
  15 slime creatures
  5 black mambas
  A gargoyle (D:12)
  6 torpor snails
  Maggie (D:9)
  8 cane toads
  A cane toad (shapeshifter) (D:13)
  An efreet (D:15)
  2 unseen horrors (D:12)
  4 swamp worm zombies (Swamp:4)
  2 rime drakes
  5 yaktaurs
  2 tengu conjurers (D:14)
  12 komodo dragons
  A troll (D:9)
  2 bloated husks (Swamp:4)
  13 tyrant leeches
  2 hydra zombies (Swamp:4)
  15 polar bears
  17 hornets
  3 spectral swamp dragons (Swamp:4)
  11 blink frogs
  Grinder (D:3)
  4 dream sheep
  11 spriggans
  2 shadows (Gauntlet)
  3 wyverns
  5 wraiths
  6 basilisks
  A human (D:14)
  35 yaks
  3 fire elementals (D:15)
  4 wargs
  Grum (D:11)
  4 steam dragons
  3 tyrant leech zombies (Swamp:4)
  16 vampire mosquitoes
  12 swamp worms
  2 acid dragons
  13 two-headed ogre zombies (D:14)
  22 hell hounds
  10 water moccasins
  4 swamp drakes
  15 orc warriors
  4 laughing skulls (D:15)
  13 black bears
  2 ice beasts
  2 sky beasts
  5 swamp dragon zombies (Swamp:4)
  27 wolves
  3 centaurs
  29 ogres
  6 phantoms
  3 kobold brigands
  13 bullfrogs
  7 scorpions
  A gnoll sergeant (D:9)
  3 wights (D:8)
  8 killer bees
  3 howler monkeys
  2 jellies
  3 hounds
  10 orc priests
  2 bombardier beetles
  2 gnoll boudas (D:8)
  A sleepcap (D:7)
  3 iguanas
  11 orc wizards
  2 nameless horrors
  An ogre zombie (D:14)
  8 adders
  10 gnolls
  3 shadow imps
  A white imp (D:8)
  5 ufetubi
  A ribbon worm (Lair:2)
  A dart slug (D:1)
  54 orcs
  13 endoplasms
  4 giant cockroaches
  7 goblins
  5 hobgoblins
  7 jackals
  11 kobolds
  4 quokkas
  3 ball pythons
  3 bats
  3 frilled lizards
  2 rats (D:1)
  A boulder (D:15)
768 creatures vanquished.

Vanquished Creatures (collateral kills)
  A hydra (Lair:4)
  A centaur warrior (D:14)
  A demonic crawler (Lair:2)
  A goliath frog (Swamp:3)
  2 slime creatures
  A swamp dragon (Swamp:1)
  A cyclops (D:11)
  An elephant (Lair:3)
  A torpor snail (Lair:5)
  A komodo dragon (Lair:5)
  A yaktaur (D:14)
  2 tyrant leeches
  2 blink frogs (Lair:5)
  A spriggan (Swamp:4)
  3 yaks
  A wyvern (Lair:3)
  A warg (Lair:5)
  A basilisk (Lair:5)
  A steam dragon (D:9)
  An acid dragon (D:11)
  A two-headed ogre zombie (D:14)
  2 water moccasins (Lair:5)
  An orc warrior (Orc:2)
  A black bear (Lair:5)
  A wolf (Lair:4)
  2 centaurs
  A phantom (Swamp:4)
  2 kobold brigands (D:10)
  2 bullfrogs
  2 killer bees (D:11)
  An iguana (D:7)
  An orc wizard (D:6)
  A gnoll (D:8)
  An ufetubus (D:6)
  5 orcs
  11 boulders
60 creatures vanquished.

Vanquished Creatures (others)
  A shambling mangrove (Swamp:4)
  A phantasmal warrior (Swamp:4)
  5 bloated husks
  A hornet (Swamp:4)
  A wolf (Lair:5)
  2 phantoms (Swamp:4)
  24 blazeheart cores
  18 boulders
  14 foxfires
67 creatures vanquished.

Grand Total: 895 creatures vanquished

Notes
Turn   | Place    | Note
-------+----------+-------------------------------------------
     0 | D:1      | Morbidden the Draconian Shapeshifter began the quest for
                  | the Orb.
     0 | D:1      | Reached XP level 1. HP: 16/16 MP: 1/1
   352 | D:1      | Reached XP level 2. HP: 23/23 MP: 2/2
  1128 | D:2      | Reached XP level 3. HP: 28/28 MP: 3/3
  1440 | D:2      | Found Feotig's Antique Weapon Boutique.
  1589 | D:2      | Reached skill level 4 in Unarmed Combat
  1589 | D:2      | Reached XP level 4. HP: 15/35 MP: 4/4
  2024 | D:3      | Found a faded altar of an unknown god.
  2040 | D:3      | Reached skill level 1 in Spellcasting
  2040 | D:3      | Reached XP level 5. HP: 41/41 MP: 6/6
  2056 | D:3      | Learned a level 3 spell: Call Canine Familiar
  2069 | D:3      | Noticed Grinder
  2083 | D:3      | Paralysed by Grinder for 2 turns
  2089 | D:3      | Killed Grinder
  2090 | D:3      | Reached skill level 5 in Unarmed Combat
  2090 | D:3      | Reached XP level 6. HP: 23/48 MP: 6/8
  2285 | D:3      | Reached skill level 1 in Stealth
  2285 | D:3      | Reached skill level 1 in Summonings
  2702 | D:2      | Bought a faintly glowing morningstar for 144 gold pieces
  2702 | D:2      | Identified the +4 morningstar of Ocvyrchoch {venom, rF-
                  | rCorr Str+2 Int+5} (You bought it in a shop on level 2 of
                  | the Dungeon)
  2847 | D:4      | Your scales start taking on a dull iron-grey colour.
  2847 | D:4      | Reached XP level 7. HP: 56/56 MP: 9/9
  2963 | D:4      | Reached skill level 6 in Unarmed Combat
  3339 | D:5      | Entered Level 5 of the Dungeon
  3490 | D:5      | Noticed a yak
  3491 | D:5      | Noticed a yak
  3491 | D:5      | Noticed a yak
  3745 | D:5      | Reached skill level 7 in Unarmed Combat
  3745 | D:5      | Reached XP level 8. HP: 59/63 MP: 11/11
  3850 | D:5      | Identified the +9 chain mail of the Enchanted Forest
                  | {^Contam Str+4}
  4116 | D:5      | Found a basalt altar of Yredelemnul.
  4116 | D:5      | Found a shadowy altar of Dithmenos.
  4123 | D:5      | Found a broken altar of Ashenzari.
  4125 | D:5      | Found a white marble altar of Elyvilon.
  4126 | D:5      | Found a hazy altar of Hepliaklqana.
  4139 | D:5      | Reached skill level 8 in Unarmed Combat
  4930 | D:6      | Reached XP level 9. HP: 68/71 MP: 10/14
  5309 | D:6      | You fall into a shaft and drop 1 floor!
  5356 | D:7      | Reached skill level 5 in Shapeshifting
  5511 | D:6      | Found a staircase to the Ecumenical Temple.
  5758 | Temple   | Entered the Ecumenical Temple
  5768 | Temple   | Became a worshipper of Cheibriados the Contemplative
  5910 | D:7      | Reached skill level 9 in Unarmed Combat
  6304 | D:7      | Found a burning altar of Makhleb.
  6529 | D:8      | Reached skill level 1 in Invocations
  6535 | D:8      | Reached * piety under Cheibriados
  6967 | D:8      | Reached skill level 5 in Dodging
  6990 | D:8      | Learned a level 4 spell: Summon Blazeheart Golem
  7195 | D:8      | Learned a level 1 spell: Summon Small Mammal
  7421 | D:9      | Reached XP level 10. HP: 61/80 MP: 16/16
  7728 | D:9      | Reached ** piety under Cheibriados
  8075 | D:9      | Reached skill level 10 in Unarmed Combat
  8283 | D:9      | Noticed Maggie
  8296 | D:9      | Killed Maggie
  8297 | D:9      | Reached skill level 1 in Fire Magic
  8344 | D:9      | Reached skill level 5 in Fighting
  8397 | D:9      | Found a staircase to the Orcish Mines.
  8646 | D:10     | Entered Level 10 of the Dungeon
  8892 | D:10     | Noticed a two-headed ogre
  8903 | D:10     | Killed a two-headed ogre
  8989 | D:10     | Reached *** piety under Cheibriados
  9152 | D:10     | Noticed a three-headed hydra
  9154 | D:10     | Noticed a nameless horror
  9306 | D:10     | Killed a nameless horror
  9415 | D:10     | Found a blossoming altar of Fedhas.
  9552 | D:10     | Killed a three-headed hydra
  9553 | D:10     | Reached skill level 5 in Spellcasting
  9553 | D:10     | Reached skill level 5 in Summonings
  9735 | D:11     | Noticed a cyclops
  9735 | D:11     | Found Hiyfaocw's Antique Weapon Emporium.
  9746 | D:11     | Reached XP level 11. HP: 72/89 MP: 18/18
 10104 | D:11     | Found a staircase to the Lair.
 10224 | D:11     | Noticed Grum
 10236 | D:11     | Killed Grum
 10630 | Lair:1   | Entered Level 1 of the Lair of Beasts
 10647 | Lair:1   | Identified the +1 buckler of Yggiwk {Rampage *Slow Regen+
                  | Str-3}
 10717 | Lair:1   | Learned a level 3 spell: Fugue of the Fallen
 10757 | Lair:1   | Reached skill level 11 in Unarmed Combat
 10765 | Lair:1   | Reached **** piety under Cheibriados
 10945 | Lair:1   | Reached skill level 1 in Necromancy
 11737 | Lair:2   | Reached XP level 12. HP: 68/97 MP: 20/20
 11936 | Lair:2   | Reached skill level 5 in Invocations
 12045 | Lair:2   | Found a hole to the Spider Nest.
 12053 | Lair:2   | Noticed a demonic crawler
 12071 | Lair:2   | Killed a demonic crawler
 12074 | Lair:2   | Reached ***** piety under Cheibriados
 12080 | Lair:2   | Reached skill level 12 in Unarmed Combat
 12523 | Lair:2   | Noticed an eight-headed hydra
 13035 | Lair:2   | Found a staircase to the Swamp.
 13138 | Lair:2   | Killed an eight-headed hydra
 13298 | Spider:1 | Entered Level 1 of the Spider Nest
 13497 | Lair:3   | Learned a level 7 spell: Orb of Destruction
 13670 | Lair:3   | Identified the +11 spear of Experimentation {freeze, Int+4}
 14129 | Lair:3   | Learned a level 3 spell: Stone Arrow
 14151 | Lair:4   | Noticed a four-headed hydra
 14163 | Lair:4   | Killed a four-headed hydra
 14294 | Lair:4   | Noticed a boulder beetle
 14317 | Lair:4   | Noticed a six-headed hydra
 14324 | Lair:4   | Killed a six-headed hydra
 14325 | Lair:4   | Reached skill level 1 in Conjurations
 14332 | Lair:4   | Killed a boulder beetle
 14333 | Lair:4   | Reached skill level 1 in Earth Magic
 14421 | Lair:4   | Noticed a six-headed hydra
 14434 | Lair:4   | Killed a six-headed hydra
 14493 | Lair:4   | Reached XP level 13. HP: 98/105 MP: 19/22
 14495 | Lair:4   | Noticed Urug
 14506 | Lair:4   | Killed Urug
 14538 | Lair:4   | Reached ****** piety under Cheibriados
 14732 | Lair:4   | Reached skill level 13 in Unarmed Combat
 14856 | Lair:4   | Noticed Snorg
 14872 | Lair:4   | Killed Snorg
 15223 | Lair:4   | Found a runed translucent gate.
 15224 | Lair:4   | Found a runed translucent gate.
 15225 | Lair:4   | Found a runed translucent gate.
 15453 | Lair:4   | Noticed Rankomyk's ghost (journeyman VSEn)
 15497 | Lair:5   | Entered Level 5 of the Lair of Beasts
 15613 | Lair:5   | Reached skill level 5 in Fire Magic
 16156 | Lair:5   | Found a staircase to the Slime Pits.
 16624 | Lair:5   | Reached XP level 14. HP: 95/115 MP: 24/24
 17102 | Lair:5   | Reached skill level 14 in Unarmed Combat
 17449 | Lair:5   | Learned a level 4 spell: Brom's Barrelling Boulder
 18293 | D:12     | Identified the +10 spear of the Three Lies {drain, rPois
                  | rN+ Will-}
 19420 | D:13     | Found a gate leading to a gauntlet.
 19426 | Gauntlet | Entered a Gauntlet
 19426 | Gauntlet | Found a transporter.
 19426 | Gauntlet | Found a transporter.
 19437 | Gauntlet | Found a transporter.
 19441 | Gauntlet | Found a transporter.
 19450 | Gauntlet | Found a transporter.
 19454 | Gauntlet | Found a transporter.
 19458 | Gauntlet | Found a runed translucent door.
 19460 | Gauntlet | Found a runed translucent door.
 19462 | Gauntlet | Found a transporter.
 19478 | Gauntlet | Found a transporter.
 19500 | Gauntlet | Found a transporter.
 19504 | Gauntlet | Found a transporter.
 19512 | Gauntlet | Found a transporter.
 19516 | Gauntlet | Found a transporter.
 19634 | Gauntlet | Learned a level 6 spell: Plasma Beam
 19668 | Gauntlet | Identified the ring "Apsoigh" {+Blink rC- MP+9 Dex+6
                  | Slay+5}
 19725 | Gauntlet | Identified the ring "Ylawn" {rPois Int+4}
 19798 | Gauntlet | Identified the staff of Revolt {rF++ rC+ rCorr Str-2 Ice
                  | Air}
 19799 | Gauntlet | Got Sif Muna's Codex of Heavy Summoning
 20295 | D:13     | Reached skill level 5 in Conjurations
 20483 | D:14     | Reached skill level 1 in Air Magic
 20579 | D:14     | Found a portal to a secret trove of treasure.
 20697 | D:14     | Upgraded the game from 0.32-a0 to 0.32-a0-12-g7fc57aa741
 20916 | D:14     | Reached XP level 15. HP: 80/123 MP: 26/26
 20928 | D:14     | Reached skill level 5 in Earth Magic
 21465 | D:14     | Noticed Erolcha
 21563 | D:14     | Reached skill level 15 in Unarmed Combat
 21577 | D:14     | Killed Erolcha
 22651 | D:14     | Found a gate to the Vaults.
 22689 | D:15     | Entered Level 15 of the Dungeon
 23026 | D:15     | Found a staircase to the Depths.
 23195 | D:15     | Reached skill level 1 in Evocations
 23582 | D:15     | Noticed Azrael
 23590 | D:15     | Killed Azrael
 23873 | D:15     | Noticed Kirke
 23881 | D:15     | Killed Kirke
 23989 | D:15     | Learned a level 4 spell: Iskenderun's Mystic Blast
 24130 | Orc:1    | Entered Level 1 of the Orcish Mines
 24521 | Orc:2    | Entered Level 2 of the Orcish Mines
 24521 | Orc:2    | Found a staircase to the Elven Halls.
 24564 | Orc:2    | Paralysed by something for 2 turns
 24593 | Orc:2    | Reached skill level 1 in Translocations
 24884 | Orc:2    | Noticed Rupert
 24896 | Orc:2    | Killed Rupert
 24960 | Orc:2    | Found Tihelat's General Store.
 24960 | Orc:2    | Found Qiufeugh's Armour Boutique.
 24960 | Orc:2    | Found Xotirri's Distillery.
 24960 | Orc:2    | Found Eruzog's Armour Shoppe.
 25175 | Swamp:1  | Entered Level 1 of the Swamp
 25209 | Swamp:1  | Reached XP level 16. HP: 120/132 MP: 28/28
 25232 | Swamp:1  | You fall into a shaft and drop 1 floor!
 25421 | Swamp:1  | Identified the blade talisman of Weightlessness {Dex+4}
 26014 | Swamp:1  | Reached skill level 16 in Unarmed Combat
 26271 | Swamp:2  | Reached skill level 10 in Shapeshifting
 26545 | Swamp:2  | Paralysed by a fenstrider witch for 5 turns
 27934 | Swamp:4  | Entered Level 4 of the Swamp
 28160 | Swamp:4  | Identified the granite talisman "Goilep" {rN+ Slay+5}
 28160 | Swamp:4  | Noticed Roxanne
 28165 | Swamp:4  | Noticed a thorn hunter
 28177 | Swamp:4  | Noticed Donald
 28179 | Swamp:4  | Killed a thorn hunter
 28180 | Swamp:4  | Reached skill level 10 in Fighting
 28184 | Swamp:4  | Reached skill level 10 in Dodging
 28920 | Swamp:4  | Identified the +1 scale mail of Defence {^Drain Fly rN+
                  | Str+4}
 28993 | Swamp:4  | Noticed Bai Suzhen
 29034 | Swamp:4  | Killed Donald
 29160 | Swamp:4  | Found a large runed translucent door.
 29160 | Swamp:4  | Noticed Cahekav's ghost (journeyman DrIE)
 29161 | Swamp:4  | Found a large runed translucent door.
 29292 | Swamp:4  | Got the Spellbook of the Arcane
 29475 | Swamp:4  | Reached XP level 17. HP: 128/140 MP: 29/29
 29695 | Swamp:4  | Noticed a bone dragon
 29703 | Swamp:4  | HP: 5/140 [ghost crab] (10)]
 29706 | Swamp:4  | Engulfed by a cloud of spectral mist

Illustrated notes

Levels and vault maps discovered:
D:1:      tekkud_arrival_beachfront_property, layout_basic
D:2:      layout_loops_ring, serial_shops, shop
D:3:      minmay_angry_zag, layout_rooms, ebering_ecumenical_altar_rust,
          serial_glass, glass_columns_b, glass_columns_a, chequers_jeans,
          uniq_grinder
D:4:      layout_basic
D:5:      layout_rooms, chequers_temple_overflow_minitemple
D:6:      layout_basic, minmay_temple_entry_statues, st_stairs_6,
          minmay_hedge_maze
D:7:      layout_cave_pools, makhleb_grotto_becter
D:8:      layout_loops_ring
D:9:      layout_rooms, hangedman_corner_corridor, uniq_maggie
D:10:     layout_basic, fedhas_ov_isle_minmay, hangedman_ranch
D:11:     layout_roguey, david_lair_shrubbed, serial_shops, shop,
          minmay_misc_feat_hallway, uniq_grum
D:12:     layout_basic
D:13:     layout_basic, gauntlet_entry_generic
D:14:     lemuel_ogre_cave, layout_basic, grunt_vaults_entry_fortified,
          nicolae_trove_entry_columns
D:15:     gammafunk_depths_entry_grave, layout_irregular_city,
          bh_walls_and_bars, uniq_azrael, uniq_kirke
Temple:   eino_wide_crystal_templ
Lair:1:   layout_roguey, cheibrodos_lair_lostbears
Lair:2:   layout_regular_city, minmay_swamp_entry_worms,
          nicolae_spider_entry_non_spiders
Lair:3:   layout_loops_ring, serial_bayou_shore_b
Lair:4:   layout_cave_shapes, gammafunk_ghost_icy,
          nicolae_lair_run_with_the_wolves, uniq_urug, uniq_snorg
Lair:5:   hangedman_lair_caniforms_friends, layout_gridlike, wormcave,
          slime_entry_1, serial_bayou_shore_b, grunt_megastairs_5
Swamp:1:  layout_basic_swamp, serial_swamp_ruin, evilmike_swamp_ruin_house_3,
          evilmike_swamp_ruin_house_1, swamp_pool_5, nicolae_swamp_spriggan_camp
Swamp:2:  layout_basic_swamp, hangedman_swamp_cone, swamp_pool_1_2,
          nicolae_swamp_tree_isthmus, infiniplex_staircase_pool
Swamp:3:  nicolae_swamp_wrong_neighborhood, layout_falls_marsh,
          evilmike_swamp_ruin_house_2, swamp_pool_4
Swamp:4:  swamp_pestilence, layout_basic_swamp, ebering_ghost_disaster_area,
          swamp_pool_1_2, uniq_donald, uniq_roxanne, uniq_bai_suzhen
Spider:1: layout_cave_pods, nicolae_spider_shape
Orc:1:    layout_caves, basic_altar, serial_shops, nicolae_shop_stone,
          nicolae_orc_all_along_the_watchtower
Orc:2:    st_orc_ogre_mass, layout_caves, uniq_rupert

Skill      XL: |  1  2  3  4  5  6  7  8  9 10 11 12 13 14 15 16 17 |
---------------+----------------------------------------------------+-----
Dodging        | 2 3 4 5 6 7 8 9 10 | 10.1
Unarmed Combat | 4 5 7 8 9 10 11 12 13 14 15 16 | 16.5
Spellcasting   | 1 2 3 4 5 6 7 8 |  8.9
Fighting       | 2 3 4 5 6 7 8 9 10 | 10.2
Stealth        | 1 2 3 4 |  4.4
Summonings     | 1 2 3 5 6 7 8 9 |  9.0
Shapeshifting  | 4 5 6 7 8 9 10 | 10.3
Invocations    | 2 3 4 6 7 8 9 |  9.4
Fire Magic     | 2 3 4 5 6 7 |  7.8
Necromancy     | 1 |  1.2
Conjurations   | 1 3 5 6 |  6.5
Earth Magic    | 1 3 4 6 7 |  7.0
Air Magic      | 1 2 3 |  3.9
Evocations     | 2 3 |  3.5
Translocations | 1 2 |  2.8
Throwing       | |  0.8

Action                     |  1- 3 |  4- 6 |  7- 9 | 10-12 | 13-15 | 16-18 || total
---------------------------+-------+-------+-------+-------+-------+-------++-------
  Melee: Unarmed           |   113 |   125 |   337 |   545 |  1149 |   327 ||  2596
         Tailslap          |     9 |    14 |    72 |   134 |   271 |    75 ||   575
         Punch             |       |     3 |    23 |    22 |    17 |    59 ||   124
         Maw               |       |       |       |       |    52 |   139 ||   191
  Throw: Javelin           |       |       |    11 |     1 |       |    12 ||    24
   Cast: Call Canine Famil |       |       |    15 |    32 |    61 |    23 ||   131
         Summon Small Mamm |       |       |     2 |    16 |     7 |       ||    25
         Summon Blazeheart |       |       |       |    25 |    25 |    11 ||    61
         Fugue of the Fall |       |       |       |     2 |       |       ||     2
         Stone Arrow       |       |       |       |     7 |    19 |     4 ||    30
         Brom's Barrelling |       |       |       |       |    46 |       ||    46
         Iskenderun's Myst |       |       |       |       |     1 |       ||     1
 Invoke: Slouch            |       |       |       |       |     9 |     4 ||    13
         Bend Time         |       |       |       |       |     1 |       ||     1
         Step From Time    |       |       |       |       |       |     2 ||     2
  Evoke: Wand              |       |       |       |     4 |     4 |    10 ||    18
         Phantom mirror    |       |       |       |       |     1 |     1 ||     2
    Use: Potion            |       |     4 |       |     1 |     2 |     2 ||     9
         Scroll            |       |       |       |    17 |     7 |     9 ||    33
   Stab: Sleeping          |     2 |       |     1 |     2 |     2 |     2 ||     9
         Distracted        |       |       |       |     6 |     5 |     4 ||    15
         Invisible         |       |       |       |     3 |     1 |     1 ||     5
 Armour: Skin              |    51 |    67 |   226 |   331 |   404 |   235 ||  1314
  Dodge: Dodged            |    65 |    58 |   243 |   669 |  1507 |   442 ||  2984
   Form: Flux              |       |       |       |     1 |       |       ||     1
         Maw               |       |       |       |       |     1 |     1 ||     2
         Blade             |       |       |       |       |       |     1 ||     1

Table legend: (Time is in decaauts)
 A = Elapsed time spent in this place.
 B = Non-inter-level travel time spent in this place.
 C = Inter-level travel time spent in this place.
 D = Time resting spent in this place.
 E = Time spent auto-exploring this place.
 F = Levels seen in this place.
 G = Mean time per level.
                   A        B        C        D        E       F      G
               +--------+--------+--------+--------+--------+-----+--------+
         Total |  39112 |  36873 |   2239 |   5394 |  24094 |  29 | 1348.7 |
       Dungeon |  20062 |  18546 |   1516 |   3019 |  12238 |  15 | 1337.5 |
        Temple |     22 |     12 |     10 |      0 |      0 |   1 |   22.0 |
          Lair |  10141 |   9839 |    302 |   1044 |   6825 |   5 | 2028.2 |
         Swamp |   6526 |   6262 |    264 |   1331 |   3581 |   4 | 1631.5 |
   Spider Nest |     10 |     10 |      0 |      0 |      0 |   1 |   10.0 |
  Orcish Mines |   1458 |   1312 |    146 |      0 |   1024 |   2 |  729.0 |
      Gauntlet |    890 |    890 |      0 |      0 |    426 |   1 |  890.0 |
               +--------+--------+--------+--------+--------+-----+--------+

Top non-repeatable levels by time:
  Lair:5: 3297 daAuts
    D:14: 2853 daAuts
  Lair:2: 2209 daAuts
    D:12: 2077 daAuts
  Lair:4: 1946 daAuts
    D:15: 1930 daAuts
 Swamp:3: 1914 daAuts
 Swamp:4: 1872 daAuts
 Swamp:1: 1539 daAuts
     D:8: 1532 daAuts
    D:10: 1470 daAuts
    D:11: 1374 daAuts
  Lair:3: 1371 daAuts
  Lair:1: 1317 daAuts
     D:9: 1233 daAuts
